 Dungeon Crawl Stone Soup version 0.26-b1-45-g23770d1d51 (webtiles) character file.

Game seed: 11224242118902801890

24868 raceaflais the Severer (level 12, -1/110 (112) HPs)
             Began as a Minotaur Berserker on Jan 6, 2021.
             Was the Champion of Trog.
             Slain by Frances
             ... wielding a +0 trident
              (14 damage)
             ... on level 13 of the Dungeon.
             The game lasted 00:45:22 (14679 turns).

raceaflais the Severer (Minotaur Berserker)        Turns: 14679, Time: 00:45:23

HP:   -1/110 (112)  AC: 32    Str: 29    XL:     12   Next: 84%
MP:   0/3           EV: 12    Int:  5    God:    Trog [******]
Gold: 736           SH:  0    Dex: 10    Spells: 11/11 levels left

rFire    . . .     SeeInvis .   s - +1 executioner's axe (antimagic)
rCold    . . .     Faith    .   (shield currently unavailable)
rNeg     + . .     Spirit   +   l - +6 plate armour {Will+}
rPois    .         Reflect  .   (helmet restricted)
rElec    .         Harm     .   x - +0 cloak
rCorr    .         Rampage  .   (no gloves)
Will     +....                  c - +1 pair of boots
Stlth    ..........             D - amulet of guardian spirit
HPRegen  0.28/turn              v - +4 ring of protection
MPRegen  0.08/turn              X - ring of the Octopus King {rN+ AC+1 EV+1 Str+1 Int+1 Dex+1}

@: about to teleport, attractive, lightly drained
A: retaliatory headbutt, horns 2, icy blue scales 1, wild magic 1, evolution 1
a: Renounce Religion, Berserk, Trog's Hand, Brothers in Arms


You were on level 13 of the Dungeon.
You worshipped Trog.
Trog was exalted by your worship.
You visited 1 branch of the dungeon, and saw 13 of its levels.
You also visited: Sewer.

You collected 1006 gold pieces.
You spent 270 gold pieces at shops.

Inventory:

Hand Weapons
 f - a +0 battleaxe of flaming
 k - a +0 vampiric war axe
 m - a +0 war axe
 r - a +5 broad axe of flaming
 s - a +1 antimagic executioner's axe (weapon)
 L - a +2 whip of electrocution
Missiles
 d - 451 stones
 n - 101 sling bullets
 q - 236 arrows
 u - 127 bolts
 G - 2 throwing nets
 J - 34 poisoned darts
 K - 8 boomerangs
Armour
 c - a +1 pair of boots (worn)
 l - a +6 plate armour of willpower (worn)
 w - a scarf of resistance
 x - a +0 cloak (worn)
 Q - +0 storm dragon scales
Jewellery
 g - an uncursed ring of poison resistance {unknown}
 i - a cursed amulet of inaccuracy {unknown}
 v - a +4 ring of protection (left hand)
 y - a +6 ring of intelligence {unknown}
 D - an amulet of guardian spirit (around neck)
 F - a +4 ring of evasion {unknown}
 R - an uncursed ring of resist corrosion {unknown}
 X - a ring of the Octopus King (right hand) {rN+ AC+1 EV+1 Str+1 Int+1 Dex+1}
   (You found it on level 11 of the Dungeon)

   [ring of positive energy]

   It affects your AC (+1).
   It affects your evasion (+1).
   It affects your strength (+1).
   It affects your intelligence (+1).
   It affects your dexterity (+1).
   It protects you from negative energy.
Wands
 b - a wand of paralysis (10)
 e - a wand of random effects (7)
 p - a wand of digging (5)
 t - a wand of acid (23)
 B - a wand of flame (8)
 E - a wand of disintegration (7)
 I - a wand of polymorph (19)
 M - a wand of iceblast (23)
Scrolls
 h - 7 scrolls of teleportation
 j - 6 scrolls of remove curse
 o - 3 scrolls of immolation
 H - a scroll of amnesia
Potions
 A - a potion of magic
Miscellaneous
 z - a tin of tremorstones (2/2)
 N - a phial of floods


   Skills:
 + Level 12.2 Fighting
 + Level 17.7 Axes
 + Level 11.1 Armour
 + Level 7.6 Dodging
 + Level 2.1 Stealth
 + Level 0.9 Evocations


You had 11 spell levels left.
You didn't know any spells.
Your spell library contained the following spells:

 Spells                   Type           Power        Failure   Level
 Animate Skeleton         Necr           0%           99%         1
 Apportation              Tloc           0%           99%         1
 Corona                   Hex            0%           99%         1
 Summon Small Mammal      Summ           0%           99%         1


Dungeon Overview and Level Annotations

Branches:
Dungeon (13/15)            Temple (0/1) D:4            Lair (0/6) D:9
    Orc (0/2) D:12          Sewer (visited)
 Vaults: D:13-14

Altars:
Dithmenos
Okawaru
Ru
Trog
Xom

Shops:
D:4 (   D:6 =

Annotations:
D:13 Frances


Innate Abilities, Weirdness & Mutations

You reflexively headbutt those who attack you in melee.
You have a pair of horns on your head.
You are partially covered in icy blue scales. (AC +2)
Your spells are a little harder to cast, but a little more powerful.
You evolve.


Message History

You hit something. Something hits you! Frances closely misses you.
You furiously retaliate!
You headbutt Frances, but do no damage.
The red devil hits you but does no damage.
Frances screams a word of power!
The shard of ice hits you!!
* * * LOW HITPOINT WARNING * * *
Something hits you but does no damage.
Blink to where?
Press: ? - help, Dir - move target
As you read the scroll of blinking, it crumbles to dust.
Frances is pulled toward you! The red devil is pulled toward you!
As you read the scroll of teleportation, it crumbles to dust.
You feel strangely unstable.
Frances says, "I value strength and power.
I see none of this in you." Frances hits you with a +0 trident.
* * * LOW HITPOINT WARNING * * *
The red devil hits you from afar with a +0 trident.
* * * LOW HITPOINT WARNING * * *
Frances hits you with a +0 trident!
You die...

#.#***#......,*,,,,,,,*, #.#
#...!.#**,,,,,,,*, #.#
#.....#,,,,,,,,,*, #.#
#.....#,,,*+*****, #.#
#...ยง.#,,,+,,,,,,, #.#
#.....##+##,,,,,,, #.#
#.4.........,,,,,, #.###
#@##+##+####,,,,,,
#...###@#,,,,,,,,*,,,,,,
#.......#,>,,,,,,*,,,,,,
##.......#,,,,,,,,*,,,,,,
#........#,,,,,,,,*,,,,,,
####.....#,,,,,,,,*,,,,,,
#.....###**,,,,*,,,,,,
#........,******,,,,,,
#######........,,,,,,,,,,,,,
#..............,,***********


You could see Frances (fast) and a red devil (summoned).

Vanquished Creatures
  A boulder beetle (shapeshifter) (D:10)
  A boulder beetle (D:10)
  Erolcha (D:10)
  Erica (D:9)
  3 two-headed ogres
  2 alligators (D:11)
  A death knight (D:12)
  3 unseen horrors (D:11)
  A cyclops (D:10)
  A manticore (D:12)
  Joseph (D:10)
  Maurice (D:9)
  2 black mambas (D:11)
  2 gargoyles (D:10)
  2 freezing wraiths (D:12)
  4 trolls
  A hornet (D:9)
  Prince Ribbit (D:6)
  6 slime creatures (D:12)
  A shadow (D:11)
  16 yaks
  2 wraiths (D:12)
  2 wyverns
  3 basilisks (D:11)
  Eustachio (D:5)
  2 fire bats
  A steam dragon (D:7)
  A golden eye (shapeshifter) (D:10)
  8 water moccasins
  3 phantoms
  3 black bears
  2 necrophages (D:12)
  3 ice beasts
  2 sky beasts
  2 orc warriors
  An eye of draining (D:10)
  7 centaurs
  5 ogres
  3 big kobolds
  11 bullfrogs
  A gnoll sergeant (D:9)
  A wyvern skeleton (D:11)
  6 scorpions
  3 vampire bats (D:11)
  8 howler monkeys
  10 wights
  2 bullfrog zombies
  7 jellies
  4 hounds
  3 bullfrog skeletons
  6 orc priests
  A centaur skeleton (D:8)
  5 iguanas
  10 orc wizards
  2 hell rats (D:11)
  7 worker ants
  3 hound skeletons
  11 gnolls
  14 adders
  6 river rats
  2 shadow imps
  A white imp (D:10)
  An ufetubus (D:10)
  2 oozes
  2 adder skeletons
  An adder zombie (D:5)
  9 worms
  A dart slug (D:2)
  11 leopard geckos
  39 orcs
  9 ball pythons
  9 giant cockroaches
  11 goblins
  10 hobgoblins
  11 jackals
  18 kobolds
  6 quokkas
  10 bats
  9 frilled lizards
  A jackal zombie (D:8)
  A leopard gecko skeleton (D:6)
  23 rats
411 creatures vanquished.

Vanquished Creatures (others)
  A troll (D:12)
  4 orcs (D:12)
  50 fungi (D:9)
  55 plants
110 creatures vanquished.

Grand Total: 521 creatures vanquished

Notes
Turn   | Place    | Note
-------+----------+-------------------------------------------
     0 | D:1      | raceaflais the Minotaur Berserker began the quest for the
                  | Orb.
     0 | D:1      | Reached XP level 1. HP: 19/19 MP: 0/0
   206 | D:1      | Reached XP level 2. HP: 27/27 MP: 1/1
   208 | D:1      | Reached skill level 4 in Axes
   600 | D:1      | Reached XP level 3. HP: 29/33 MP: 2/2
   784 | D:1      | Reached ** piety under Trog
  1374 | D:2      | Reached XP level 4. HP: 41/41 MP: 3/3
  1387 | D:2      | Reached skill level 5 in Axes
  2190 | D:3      | You fall into a shaft and drop 3 floors!
  2191 | D:6      | Noticed a water moccasin
  2212 | D:6      | Killed a water moccasin
  2213 | D:6      | Reached XP level 5. HP: 47/47 MP: 4/4
  2313 | D:5      | Entered Level 5 of the Dungeon
  2358 | D:5      | Reached skill level 6 in Axes
  2440 | D:5      | Noticed Eustachio
  2485 | D:5      | Killed Eustachio
  2486 | D:5      | Reached skill level 5 in Fighting
  2486 | D:5      | Reached XP level 6. HP: 52/56 MP: 5/5
  2508 | D:5      | Reached *** piety under Trog
  2586 | D:5      | Found a glowing drain.
  2595 | Sewer    | Entered a sewer
  2932 | Sewer    | Reached skill level 7 in Axes
  3254 | Sewer    | Reached XP level 7. HP: 57/61 MP: 6/6
  3882 | D:5      | Reached skill level 8 in Axes
  3945 | D:5      | Reached skill level 5 in Armour
  4095 | D:5      | Reached **** piety under Trog
  4096 | D:5      | Reached skill level 1 in Stealth
  4096 | D:5      | Reached XP level 8. HP: 45/69 MP: 7/7
  4201 | D:5      | Reached skill level 5 in Dodging
  4646 | D:4      | Found Dabih's Weapon Boutique.
  4759 | D:4      | Found a staircase to the Ecumenical Temple.
  4853 | D:4      | Reached skill level 9 in Axes
  5452 | D:3      | Found a bloodstained altar of Trog.
  5740 | D:3      | You fall into a shaft and drop 2 floors!
  5777 | D:6      | Found Lues's Jewellery Shop.
  5788 | D:6      | Reached ***** piety under Trog
  5868 | D:6      | Gained mutation: You are partially covered in icy blue
                  | scales. (AC +2) [potion of mutation]
  5868 | D:6      | Gained mutation: You evolve. [potion of mutation]
  5878 | D:6      | Reached skill level 10 in Axes
  6021 | D:6      | Reached XP level 9. HP: 62/78 MP: 8/8
  6240 | D:6      | Noticed Prince Ribbit
  6251 | D:6      | Killed Prince Ribbit
  6741 | D:6      | Bought a cursed amulet of guardian spirit for 270 gold
                  | pieces
  6821 | D:6      | You fall into a shaft and drop 2 floors!
  6831 | D:8      | Reached skill level 11 in Axes
  7813 | D:7      | Reached skill level 12 in Axes
  7922 | D:7      | Found a shimmering altar of Xom.
  8160 | D:7      | Found a sacrificial altar of Ru.
  8166 | D:7      | Found a shadowy altar of Dithmenos.
  8772 | D:9      | Reached XP level 10. HP: 86/86 MP: 9/9
  8787 | D:9      | Noticed Erica
  8794 | D:9      | Killed Erica
  8795 | D:9      | Reached skill level 13 in Axes
  8848 | D:9      | Gained mutation: Your spells are a little harder to cast,
                  | but a little more powerful. [potion of mutation]
  8848 | D:9      | Gained mutation: You rapidly evolve. [potion of mutation]
  8854 | D:9      | Received a gift from Trog
  8897 | D:9      | Reached skill level 14 in Axes
  9388 | D:9      | Found an iron altar of Okawaru.
  9416 | D:9      | Found a staircase to the Lair.
  9530 | D:9      | Noticed Maurice
  9541 | D:9      | Killed Maurice
  9631 | D:9      | Lost mutation: You rapidly evolve. [decline of evolution]
  9781 | D:10     | Entered Level 10 of the Dungeon
  9781 | D:10     | Noticed Erolcha
  9789 | D:10     | Killed Erolcha
  9790 | D:10     | Reached XP level 11. HP: 73/99 MP: 7/10
  9961 | D:10     | Noticed Joseph
  9973 | D:10     | Killed Joseph
 10316 | D:10     | Reached skill level 10 in Fighting
 10343 | D:10     | Noticed a boulder beetle
 10363 | D:10     | Killed a boulder beetle
 10754 | D:11     | Killed an unseen horror
 10755 | D:11     | Reached skill level 15 in Axes
 10909 | D:11     | Received a gift from Trog
 11126 | D:11     | Killed an unseen horror
 11151 | D:11     | Noticed a boulder beetle
 11163 | D:11     | Noticed a two-headed ogre
 11168 | D:11     | Noticed a two-headed ogre
 11184 | D:10     | Killed a boulder beetle
 11720 | D:11     | Noticed a two-headed ogre
 11727 | D:11     | Killed a two-headed ogre
 11728 | D:11     | Reached skill level 16 in Axes
 11728 | D:11     | Reached skill level 10 in Armour
 11728 | D:11     | Reached XP level 12. HP: 66/110 MP: 6/11
 11728 | D:11     | Killed a two-headed ogre
 11740 | D:10     | Killed a two-headed ogre
 12217 | D:11     | Found the ring of the Octopus King
 12224 | D:11     | Got a ring of the Octopus King
 12225 | D:11     | Identified a ring of the Octopus King {rN+ AC+1 EV+1 Str+1
                  | Int+1 Dex+1} (You found it on level 11 of the Dungeon)
 12719 | D:11     | Noticed an alligator
 12726 | D:11     | Killed an alligator
 12726 | D:11     | Reached ****** piety under Trog
 12734 | D:11     | Reached skill level 17 in Axes
 12736 | D:11     | Noticed an alligator
 12738 | D:11     | Received a gift from Trog
 12740 | D:11     | Killed an alligator
 12919 | D:12     | Noticed a death knight
 12925 | D:12     | Killed a death knight
 13849 | D:12     | Found a staircase to the Orcish Mines.
 14669 | D:13     | Noticed Frances
 14679 | D:13     | Slain by Frances

Illustrated notes

Levels and vault maps discovered:
D:1:      dpeg_arrival_rooms_a, layout_basic
D:2:      cheibrodos_old_hovel, layout_basic, minmay_misc_feat_pillars,
          serial_bayou_pond_c
D:3:      layout_rooms, trog_butcher_becter
D:4:      layout_basic, minmay_temple_entry_from_below_b, serial_shops, shop
D:5:      layout_basic, portal_sewer_entry_e, uniq_eustachio
D:6:      minmay_octagon_keep, layout_loops_cross, serial_shops, shop_statue,
          uniq_prince_ribbit1
D:7:      layout_basic, amethyst_overflow_temple_binary, dk_xom_monty_hall
D:8:      layout_basic
D:9:      layout_rooms, due_lair_maze_entry_diamond, basic_altar, uniq_erica,
          uniq_maurice
D:10:     layout_loops_ring, minmay_diamond_spiral, uniq_erolcha, uniq_joseph
D:11:     layout_basic, hangedman_parallel_progression
D:12:     layout_basic, orc_0_dummy, lemuel_flamethrower_hall
D:13:     layout_irregular_city, lightli_fourway_metalbox, uniq_frances

Skill      XL: |  1  2  3  4  5  6  7  8  9 10 11 12 |
---------------+-------------------------------------+-----
Axes           | 4 5 6 7 8 10 12 14 16 17 | 17.7
Fighting       | 4 5 6 7 9 11 12 | 12.2
Armour         | 3 4 5 6 7 8 10 11 | 11.1
Dodging        | 3 4 5 6 7 |  7.6
Stealth        | 1 2 |  2.1
Evocations     | |  0.9

Action                   |  1- 3 |  4- 6 |  7- 9 | 10-12 || total
-------------------------+-------+-------+-------+-------++-------
Melee: Hand axe          |    66 |   186 |   183 |       ||   435
       Headbutt          |     9 |    16 |    44 |   105 ||   174
       Battleaxe         |       |       |   119 |   146 ||   265
       Broad axe         |       |       |       |   280 ||   280
       Executioner's axe |       |       |       |    77 ||    77
Invok: Berserk           |     1 |       |       |     3 ||     4
Evoke: Wand              |       |       |       |     5 ||     5
  Use: Scroll            |     7 |     3 |    12 |    20 ||    42
       Potion            |       |     5 |     4 |    14 ||    23
Armor: Animal skin       |     7 |       |       |       ||     7
       Ring mail         |     9 |    33 |   118 |       ||   160
       Skin              |       |    71 |       |       ||    71
       Plate armour      |       |       |     6 |   397 ||   403
Dodge: Dodged            |    35 |   107 |   197 |   259 ||   598
